 Dungeon Crawl Stone Soup version 0.29-a0-207-gf982a884d8 (webtiles) character file.

Game seed: 11954554504291692025

82 bande the Skirmisher (level 4, -3/29 HPs)
             Began as a Gargoyle Fighter on Feb 24, 2022.
             Slain by Sigmund
             ... wielding a +0 scythe
              (6 damage)
             ... on level 3 of the Dungeon.
             The game lasted 00:03:26 (2804 turns).

bande the Skirmisher (Gargoyle Fighter)             Turns: 2804, Time: 00:03:27

Health: -3/29      AC: 12    Str: 20    XL:     4   Next: 43%
Magic:  4/4        EV:  7    Int:  8    God:
Gold:   157        SH:  0    Dex: 11    Spells: 3/3 levels left

rFire   . . .      SeeInvis .   a - +0 war axe
rCold   . . .      Faith    .   c - +0 buckler
rNeg    + . .      Spirit   .   j - +0 chain mail
rPois   ∞          Reflect  .   (no helmet)
rElec   +          Harm     .   (no cloak)
rCorr   .          Rampage  .   (no gloves)
Will    .....                   (no boots)
Stlth   ..........              (no amulet)
HPRegen 0.09/turn               (no ring)
MPRegen 0.09/turn               (no ring)

@: confused, mighty
A: sickness immunity, AC +3, negative energy resistance 1, electricity
resistance, torment resistance 1, petrification resistance
a: no special abilities


You were on level 3 of the Dungeon.
You visited 1 branch of the dungeon, and saw 3 of its levels.

You collected 157 gold pieces.

Inventory:

Hand Weapons
 a - a +0 war axe (weapon)
Armour
 c - a +0 buckler (worn)
 j - a +0 chain mail (worn)
Scrolls
 f - a scroll of noise {unknown}
Potions
 b - a potion of berserk rage
 e - 2 potions of curing {unknown}
 i - 2 potions of brilliance
 l - a potion of mutation {unknown}


   Skills:
 + Level 3.8 Fighting
 + Level 3.0 Axes
 + Level 3.7 Armour
 + Level 3.8 Shields


You had 3 spell levels left.
You didn't know any spells.
Your spell library was empty.

Dungeon Overview and Level Annotations

Branches:
Dungeon (3/15)

Altars:

Annotations:
D:3 Sigmund


Innate Abilities, Weirdness & Mutations

You are immune to sickness and miasma.
Your stone body is resilient. (AC +3)
You are immune to poison.
You resist negative energy. (rN+)
You are resistant to electric shocks. (rElec)
You are resistant to unholy torment.
You are immune to petrification.


Message History

Done waiting.
You climb downwards.
Level annotation: Sigmund
There is a stone staircase leading up here.
Sigmund hits you from afar with a +0 scythe.
Sigmund gestures at you while chanting. You resist with some effort.
You hit Sigmund but do no damage. Sigmund hits you with a +0 scythe.
You hit Sigmund but do no damage. Sigmund closely misses you.
You slash Sigmund!
Sigmund is moderately wounded.
Sigmund hits you but does no damage.
You closely miss Sigmund.
Sigmund is moderately wounded.
Sigmund points at you and mumbles some strange words.
The puff of flame hits you.
You barely miss Sigmund.
Sigmund is moderately wounded.
Sigmund hits you with a +0 scythe!
* * * LOW HITPOINT WARNING * * *
You barely miss Sigmund.
Sigmund is moderately wounded.
Sigmund gestures at you while chanting. You resist with some effort.
You slash Sigmund!
Sigmund is severely wounded.
You block Sigmund's attack.
Okay, then.
You barely miss Sigmund.
Sigmund is severely wounded.
Sigmund points at you and mumbles some strange words.
You are confused.
Sigmund hits you with a +0 scythe.
* * * LOW HITPOINT WARNING * * *
Sigmund hits you but does no damage.
You feel very mighty all of a sudden.
You closely miss Sigmund.
Sigmund is severely wounded.
You hit the bush but do no damage. x2; Sigmund hits you with a +0 scythe.
You die...

..#...#.#####
..#....#....
..........#
#........# ##
#........###...#
#............#..
#........###...#
#...@...<.....#
#...@....######


PPPPPP##### .....P# P.PPP. P .. PP. P. P. You could see Sigmund.

Vanquished Creatures
  3 adders (D:2)
  3 worms (D:2)
  2 orcs (D:2)
  4 endoplasms
  6 giant cockroaches
  2 goblins
  5 hobgoblins
  2 quokkas
  4 ball pythons
  3 bats
  A frilled lizard (D:2)
  5 kobolds
  3 rats
43 creatures vanquished.

Notes
Turn   | Place    | Note
-------+----------+-------------------------------------------
     0 | D:1      | bande the Gargoyle Fighter began the quest for the Orb.
     0 | D:1      | Reached XP level 1. HP: 14/14 MP: 1/1
   193 | D:1      | Reached XP level 2. HP: 19/19 MP: 2/2
  1000 | D:2      | Reached XP level 3. HP: 23/23 MP: 3/3
  1560 | D:2      | Reached XP level 4. HP: 8/29 MP: 4/4
  2318 | D:3      | Noticed Sigmund
  2804 | D:3      | Slain by Sigmund

Illustrated notes

Levels and vault maps discovered:
D:1:      onia_arrival_mini_maze_b, layout_loops_ring
D:2:      minmay_recursive_quarters, layout_loops_ring
D:3:      layout_loops_ring, lemuel_round_altar, fedhas_altar_3,
          ebering_ecumenical_altar_sacrificial, minmay_hedge_maze, uniq_grinder,
          uniq_sigmund

Skill      XL: |  1  2  3  4 |
---------------+-------------+-----
Axes           | 2 3 |  3.0
Fighting       | |  3.8
Armour         | |  3.7
Shields        | |  3.8

Action                   |  1- 3 |  4- 6 || total
-------------------------+-------+-------++-------
Melee: War axe           |   110 |    30 ||   140
  Use: Scroll            |     6 |       ||     6
       Potion            |       |     1 ||     1
Armor: Scale mail        |     8 |       ||     8
       Chain mail        |    84 |    21 ||   105
Dodge: Dodged            |    47 |    13 ||    60
Block: Buckler           |    29 |     4 ||    33

Table legend: (Time is in decaauts)
 A = Elapsed time spent in this place.
 B = Non-inter-level travel time spent in this place.
 C = Inter-level travel time spent in this place.
 D = Time resting spent in this place.
 E = Time spent auto-exploring this place.
 F = Levels seen in this place.
 G = Mean time per level.
                   A        B        C        D        E       F      G
               +--------+--------+--------+--------+--------+-----+--------+
         Total |   2865 |   2865 |      0 |    850 |   1558 |   3 |  955.0 |
       Dungeon |   2865 |   2865 |      0 |    850 |   1558 |   3 |  955.0 |
               +--------+--------+--------+--------+--------+-----+--------+

Top non-repeatable levels by time:
     D:2: 1827 daAuts
     D:1: 982 daAuts
     D:3: 55 daAuts
